 Dungeon Crawl Stone Soup version 0.26-a0-597-gb535b0901c (webtiles) character file.

Game seed: 6070268409797229560

20 Alarkh the Skirmisher (level 2, -1/24 HPs)
             Began as a Demonspawn Fighter on Sept 5, 2020.
             Killed from afar by a giant cockroach (23 damage)
             ... with an exploding inner flame
             ... hexed by the player character
             ... on level 1 of the Dungeon.
             The game lasted 00:01:05 (672 turns).

Alarkh the Skirmisher (Demonspawn Fighter)           Turns: 672, Time: 00:01:06

Health: -1/24      AC:  7    Str: 16    XL:     2   Next: 58%
Magic:  2/2        EV:  6    Int:  9    God:
Gold:   19         SH:  8    Dex: 12    Spells: 1/1 levels left

rFire    . . .     SeeInvis .     - Unarmed
rCold    . . .     Faith    .   b - +0 kite shield
rNeg     . . .     Spirit   .   a - +0 scale mail
rPois    .         Reflect  .   (no helmet)
rElec    .         Harm     .   g - +0 cloak
rCorr    .                      (no gloves)
MR       .....                  (no boots)
Stlth    ..........             (no amulet)
HPRegen  0.08/turn              (no ring)
MPRegen  0.08/turn              (no ring)

@: no status effects
A: powered by death 1
a: no special abilities


You were on level 1 of the Dungeon.
You visited 1 branch of the dungeon, and saw 1 of its levels.

You collected 19 gold pieces.

Inventory:

Armour
 a - a +0 scale mail (worn)
 b - a +0 kite shield (worn)
 g - a +0 cloak (worn)
Potions
 c - a potion of might


   Skills:
 + Level 3.2 Fighting
 - Level 2.6 Armour
 + Level 2.9 Shields
 * Level 2.4 Unarmed Combat


You had one spell level left.
You didn't know any spells.
Your spell library was empty.

Dungeon Overview and Level Annotations

Branches:
Dungeon (1/15)

Altars:


Innate Abilities, Weirdness & Mutations

You regenerate a little health from kills.


Message History

You feel as if something is helping you.
It was a scroll of remove curse.
You remove your -4 ring of evasion.
The giant cockroach bites you but does no damage.
You drop a -4 ring of evasion.
The giant cockroach bites you but does no damage.
The giant cockroach bites you but does no damage.
The giant cockroach bites you. The giant cockroach bites you.
The giant cockroach waves its antennae.
The giant cockroach barely misses you.
The giant cockroach waves its antennae.
The giant cockroach bites you but does no damage.
You hit the giant cockroach.
Flame seeps out of the giant cockroach.
The giant cockroach is severely wounded.
The giant cockroach is engulfed in blazing flames.
The giant cockroach explodes!
The fiery explosion engulfs you!!
Ouch! That really hurt!
You die...

#.# #.§§§§§§...#
#.###...§§§§...#
##...#####§§§..##
#..#.### #§#####
#......# #.#
#..≈≈≈.###.#
##.≈(≈..##.#
#.§§§.....#
#.§○@.###.#
#.##### #.# #.#
#.# #.#######.#
#.........#
###########


There were no monsters in sight!

Vanquished Creatures
  A leopard gecko (D:1)
  2 giant cockroaches (D:1)
  3 goblins (D:1)
  4 hobgoblins (D:1)
  2 ball pythons (D:1)
  2 bats (D:1)
  A frilled lizard (D:1)
  3 kobolds (D:1)
18 creatures vanquished.

Notes
Turn   | Place    | Note
-------+----------+-------------------------------------------
     0 | D:1      | Alarkh the Demonspawn Fighter began the quest for the Orb.
     0 | D:1      | Reached XP level 1. HP: 18/18 MP: 1/1
     6 | D:1      | Noticed a rime drake
     6 | D:1      | Noticed a water moccasin
     6 | D:1      | Noticed a hog
     7 | D:1      | Noticed a black bear
   244 | D:1      | Gained mutation: You regenerate a little health from kills.
                  | [demonic ancestry]
   244 | D:1      | Reached XP level 2. HP: 15/24 MP: 2/2
   672 | D:1      | Killed from afar by a giant cockroach

Illustrated notes

Levels and vault maps discovered:
D:1:      onia_arrival_zoo_common, layout_basic,
          corexii_item_surrounded_by_moat, serial_bayou_pond_a,
          minmay_split_cup_large

Skill      XL: |  1 |
---------------+----+-----
Unarmed Combat | 2 |  2.4
Fighting       | |  3.2
Armour         | |  2.6
Shields        | |  2.9

Action                   || total
-------------------------++-------
Melee: Unarmed           ||    89
  Use: Scroll            ||     4
Armor: Scale mail        ||    36
Dodge: Dodged            ||     8
Block: Kite shield       ||    34

Table legend: (Time is in decaauts)
 A = Elapsed time spent in this place.
 B = Non-inter-level travel time spent in this place.
 C = Inter-level travel time spent in this place.
 D = Time resting spent in this place.
 E = Time spent auto-exploring this place.
 F = Levels seen in this place.
 G = Mean time per level.
                   A        B        C        D        E       F      G
               +--------+--------+--------+--------+--------+-----+--------+
         Total |    673 |    673 |      0 |     88 |    398 |   1 |  673.0 |
       Dungeon |    673 |    673 |      0 |     88 |    398 |   1 |  673.0 |
               +--------+--------+--------+--------+--------+-----+--------+

Top non-repeatable levels by time:
     D:1: 673 daAuts
